Map: Newkirk Precinct TE (Void)

Players

Beastyqt - Winner!

  • Race: Terran Terran
  • Spawn Location: 7:00

harstem

  • Race: Protoss Protoss
  • Spawn Location: 5:00

Event: WESG 2016 Finals

VOD

Have the link to the VOD?

Description

Time

  • Played on: Jan. 12, 2017, 12:27 a.m.
  • Length: 9:14

All games in this series

Show
View Real Time Build Order
Export as new Build Order

Beastyqt Terran - Winner!

Build Orders: 1/1/1, Liberator Opening 

Get SALT Encoding   

  12  0:00  SCV  
  13  0:12  SCV  
  14  0:17  Supply Depot  
  14  0:24  SCV  
  15  0:29  Refinery  
  15  0:39  SCV  
  16  0:45  Barracks  
  16  0:51  SCV  
  17  1:03  SCV  
  18  1:15  SCV  
  19  1:35  Marine, Orbital Command  
  19  1:37  Factory  
  20  1:51  Refinery  
  20  1:53  Marine  
  21  1:54  Supply Depot  
  21  2:01  SCV  
  22  2:14  Barracks Reactor, SCV  
  23  2:24  Starport  
  23  2:25  Widow Mine  
  23  2:26  SCV  
  26  2:31  Supply Depot  
  26  2:38  SCV  
  27  2:50  Marine, SCV  
  27  2:51  Marine  
  30  2:54  Widow Mine  
  30  2:57  Supply Depot  
  32  3:01  Medivac  
  32  3:02  SCV  
  35  3:08  Marine x2  
  37  3:14  SCV, Liberator  
  38  3:23  Factory Tech Lab  
  38  3:26  SCV  
  39  3:29  Supply Depot  
  39  3:33  Marine  
  39  3:34  Marine  
  44  3:51  Marine x2  
  46  3:57  Bunker  
  46  3:59  Siege Tank  
  47  4:04  Liberator  
  47  4:13  Supply Depot  
  47  4:14  Bunker  
  47  4:15  Marine x2  
  50  4:33  Marine x2  
  50  4:34  Cyclone  
  50  4:37  Bunker  
  53  4:52  Marine  
  53  4:53  Marine  
  53  4:56  Bunker  
  53  4:57  Supply Depot  
  55  5:01  Bunker  
  52  5:09  Cyclone  
  52  5:12  Marine x2  
  56  5:19  Bunker  
  52  5:30  SCV  
  46  5:41  Liberator  
  46  5:42  Siege Tank  
  49  5:43  Marine  
  49  5:46  Marine  
  51  5:52  Bunker  
  51  6:01  Marine  
  55  6:04  Marine  
  55  6:07  SCV  
  55  6:10  Supply Depot  
  57  6:19  Siege Tank  
  57  6:23  Bunker  
  60  6:30  Liberator  
  57  6:37  Marine  
  57  6:39  Marine  
  58  6:43  Bunker  
  58  6:55  Marine  
  58  6:57  Marine  
  60  7:07  Command Center  
  60  7:13  Siege Tank  
  63  7:27  Marine  
  63  7:28  Marine  
  65  7:39  Bunker  
  65  7:41  Engineering Bay  
  65  7:48  Siege Tank  
  65  7:49  Liberator  
  62  8:00  Marine x2  
  62  8:01  Bunker  
  67  8:16  Missile Turret  
  67  8:22  Marine x2  
  68  8:41  Barracks, SCV  
  68  8:42  Barracks  
Show
View Real Time Build Order
Export as new Build Order

harstem Protoss 

Build Orders: 1 Gate Expand 

Get SALT Encoding   

  12  0:01  Probe (Chrono Boost)  
  13  0:12  Probe (Chrono Boost)  
  14  0:18  Pylon  
  14  0:23  Probe (Chrono Boost)  
  15  0:36  Probe (Chrono Boost)  
  15  0:37  Gateway  
  16  0:46  Assimilator  
  16  0:47  Probe (Chrono Boost)  
  17  0:57  Probe (Chrono Boost)  
  18  1:08  Probe (Chrono Boost)  
  20  1:18  Probe (Chrono Boost)  
  20  1:26  Nexus  
  20  1:36  Cybernetics Core  
  20  1:38  Probe (Chrono Boost)  
  21  1:43  Assimilator  
  21  1:49  Probe (Chrono Boost)  
  21  1:53  Pylon  
  22  2:00  Probe (Chrono Boost)  
  23  2:07  Warp Gate  
  23  2:12  Mothership Core (Chrono Boost)  
  23  2:14  Adept  
  27  2:31  Probe (Chrono Boost)  
  27  2:36  Robotics Facility  
  28  2:39  Probe (Chrono Boost)  
  28  2:41  Probe (Chrono Boost), Adept  
  32  2:50  Probe (Chrono Boost)  
  33  2:53  Probe (Chrono Boost)  
  33  2:57  Pylon  
  34  3:03  Probe (Chrono Boost)  
  34  3:05  Probe (Chrono Boost)  
  36  3:16  Gateway  
  36  3:18  Gateway  
  37  3:20  Observer  
  37  3:21  Probe (Chrono Boost)  
  37  3:23  Probe (Chrono Boost)  
  37  3:24  Adept  
  39  3:33  Probe (Chrono Boost)  
  43  3:35  Probe (Chrono Boost)  
  43  3:37  Pylon  
  43  3:45  Probe (Chrono Boost)  
  45  3:49  Probe (Chrono Boost)  
  45  3:57  Probe (Chrono Boost)  
  45  4:01  Probe (Chrono Boost)  
  45  4:08  Probe (Chrono Boost)  
  46  4:10  Stalker  
  46  4:12  Probe (Chrono Boost)  
  49  4:19  Stalker  
  49  4:20  Stalker, Probe (Chrono Boost)  
  49  4:21  Observer  
  55  4:27  Assimilator  
  55  4:37  Immortal  
  55  4:40  Stalker  
  55  4:45  Pylon  
  61  4:52  Pylon  
  61  4:54  Pylon  
  61  4:57  Gateway  
  61  5:03  Stalker x2  
  59  5:09  Stalker  
  59  5:12  Pylon  
  61  5:15  Pylon  
  61  5:35  Stalker x3  
  53  5:41  Probe (Chrono Boost)  
  53  5:42  Immortal  
  60  6:00  Probe (Chrono Boost)  
  60  6:01  Stalker  
  62  6:04  Pylon  
  60  6:16  Stalker, Immortal  
  62  6:27  Stalker x2  
  56  6:50  Probe (Chrono Boost), Warp Prism  
  56  6:51  Probe (Chrono Boost)  
  58  7:01  Stalker x2  
  61  7:12  Mothership Core (Chrono Boost)  
  63  7:21  Pylon  
  55  7:27  Pylon  
  55  7:33  Stalker x2  
  52  8:00  Stalker x2  
  55  8:11  Stalker  
  57  8:36  Stalker x2  
  57  8:37  Stalker  
Tags
 
Add a new tag
Caveats
  • Supply blocks, unpowered buildings, or Contaminate may cause inaccurate times.
  • Supply counts are checked every 10 seconds.